 Dungeon Crawl Stone Soup version 0.19-a0-975-gfff5315 (webtiles) character file.

55 4thArraOfDagon the Firebug (level 3, -2/19 HPs)
             Began as a Deep Elf Fire Elementalist on July 13, 2016.
             Killed by triggering an arrow trap (5 damage)
             ... in an ossuary.
             The game lasted 00:03:25 (587 turns).

4thArraOfDagon the Firebug (DEFE)                    Turns: 587, Time: 00:03:25

Health: -2/19      AC:  2    Str:  5    XL:     3   Next: 67%
Magic:  7/10       EV: 13    Int: 18    God:
Gold:   69         SH:  0    Dex: 15    Spells: 2 memorised, 5 levels left

rFire  . . .     SeeInvis .     l - +2 dagger (flame)
rCold  . . .     Gourm    .     a - +0 robe
rNeg   . . .     Faith    .     (no shield)
rPois  .         Spirit   .     (no helmet)
rElec  .         Dismiss  .     (no cloak)
rCorr  .         Reflect  .     (no gloves)
SustAt .         Harm     .     (no boots)
MR     .....                    (no amulet)
Stlth  ++........               (no ring)
                                (no ring)

@: not resistant to hostile enchantments, unstealthy
A: dopey 1, mutation resistance 1, screaming 1
a: no special abilities


You were in an ossuary.
You were not hungry.

You visited 1 branch of the dungeon, and saw 4 of its levels.
You also visited: Ossuary.

You collected 69 gold pieces.

Inventory:

Hand Weapons
 l - a +2 dagger of flaming (weapon)
Missiles
 g - a throwing net (quivered)
Armour
 a - a +0 robe (worn)
Scrolls
 e - a scroll of blinking {unknown}
 k - a scroll of remove curse {unknown}
 m - a scroll of enchant weapon {unknown}
 n - a scroll of amnesia {unknown}
Potions
 d - a potion of lignification {unknown}
 h - 2 potions of brilliance
 o - a potion of curing {unknown}
Books
 b - a book of Flames

   Spells                             Type                      Level
   a - Flame Tongue                   Conjuration/Fire             1
   b - Throw Flame                    Conjuration/Fire             2
   c - Conjure Flame                  Conjuration/Fire             3
   d - Inner Flame                    Hexes/Fire                   3
   e - Sticky Flame                   Conjuration/Fire             4
   f - Fireball                       Conjuration/Fire             5
Comestibles
 c - 2 bread rations
 j - a beef jerky


   Skills:
 - Level 2.4 Dodging
 - Level 2.4 Stealth
 + Level 3.6 Spellcasting
 * Level 2.5 Conjurations
 * Level 4.1 Fire Magic


You had 5 spell levels left.
You knew the following spells:

 Your Spells              Type           Power        Failure   Level  Hunger
a - Flame Tongue          Conj/Fire      ###..        4%          1    None
b - Conjure Flame         Conj/Fire      ###.....     14%         3    ###....


Dungeon Overview and Level Annotations

Branches:
Dungeon (4/15)
 Temple: D:4-7

Altars:
Ashenzari
Elyvilon
Pakellas
Yredelemnul

Annotations:
D:4 Sigmund


Innate Abilities, Weirdness & Mutations

You are dopey. (Int -2)
You are somewhat resistant to further mutation.
You occasionally shout uncontrollably at your foes.


Message History

h - 2 potions of brilliance
As you read the scroll of identify, it crumbles to dust.
i - 2 potions of mutation You feel extremely strange.
You feel the urge to shout.
You feel stupid.
You feel genetically stable.
You feel extremely strange.
The sentinel's mark upon you fades away.
Casting: Flame Tongue
Confirm with . or Enter, or press ? or * to list all spells.
Aiming: Flame Tongue
Press: ? - help, Shift-Dir - straight line, f - goblin zombie
Aim: a goblin zombie The flame tongue hits the goblin zombie.
You destroy the goblin zombie!
Casting: Flame Tongue
Confirm with . or Enter, or press ? or * to list all spells.
You can't see any susceptible monsters within range! (Use Z to cast anyway.) Unknown command.
An arrow shoots out and hits you!
You die...

..## ##..##..## .## ##..##..## ##
##..##..## # ##..##..##
##..##..## ##..##..## ##..##..##
#####################..##..##..##
...........^.^..@.......##..##..#
###########################..##..
......................^^..^...##∩
#################################


There were no monsters in sight!

Vanquished Creatures
  A worker ant (D:4)
  An adder (D:2)
  A giant cockroach (D:1)
  A gnoll zombie (Ossuary)
  2 quokkas (D:2)
  A bat (D:1)
  2 giant newts (D:1)
  2 gnoll skeletons (Ossuary)
  A goblin skeleton (Ossuary)
  3 goblin zombies (Ossuary)
  3 hobgoblin skeletons (Ossuary)
  A kobold (D:3)
  A kobold skeleton (Ossuary)
  2 kobold zombies (Ossuary)
  3 orc skeletons (Ossuary)
  3 rat skeletons (Ossuary)
  2 rat zombies (Ossuary)
30 creatures vanquished.

Vanquished Creatures (others)
  2 gnoll zombies (Ossuary)
  A goblin skeleton (Ossuary)
  3 goblin zombies (Ossuary)
  A hobgoblin skeleton (Ossuary)
  2 hobgoblin zombies (Ossuary)
  4 kobold skeletons (Ossuary)
  2 kobold zombies (Ossuary)
  5 orc skeletons (Ossuary)
  5 orc zombies (Ossuary)
  A rat zombie (Ossuary)
26 creatures vanquished.

Grand Total: 56 creatures vanquished

Notes
Turn   | Place    | Note
-------+----------+-------------------------------------------
     0 | D:1      | 4thArraOfDagon the Deep Elf Fire Elementalist began the quest for the Orb.
     0 | D:1      | Reached XP level 1. HP: 10/10 MP: 6/6
   172 | D:2      | Found an oddly glowing altar of Pakellas.
   176 | D:2      | Found a white marble altar of Elyvilon.
   180 | D:2      | Found a basalt altar of Yredelemnul.
   196 | D:2      | Reached XP level 2. HP: 15/15 MP: 4/8
   309 | D:4      | Reached XP level 3. HP: 4/19 MP: 2/10
   314 | D:4      | Learned a level 3 spell: Conjure Flame
   338 | D:4      | Found a shattered altar of Ashenzari.
   373 | D:4      | Noticed Sigmund
   385 | D:4      | Found a sand-covered staircase.
   389 | Ossuary  | Entered an ossuary
   402 | Ossuary  | Reached skill level 4 in Fire Magic
   583 | Ossuary  | Gained mutation: You occasionally shout uncontrollably at your foes. [potion of mutation]
   583 | Ossuary  | Gained mutation: You are dopey. (Int -2) [potion of mutation]
   583 | Ossuary  | Gained mutation: You are somewhat resistant to further mutation. [potion of mutation]
   587 | Ossuary  | Killed by triggering an arrow trap

Vault maps used:
D:1:      dpeg_arrival_oval, minmay_pentomino_r2
D:2:      minitemple, ecumenical_altar_2, hangedman_abyss_or_decor_stabs,
          minmay_gold_behind_fungi
D:3:      makhleb_altar_promises_db, uniq_natasha, uniq_crazy_yiuf_cottage
D:4:      kennysheep_little_box, nicolae_ru_great_annihilating_truth,
          kennysheep_mini_moat, first_bread, enter_ossuary_5, uniq_edmund,
          uniq_sigmund
Ossuary:  ossuary_due_pyramid

Skill      XL: |  1  2  3 |
---------------+----------+-----
Conjurations   | 2 |  2.5
Fire Magic     | 4 |  4.1
Dodging        | |  2.4
Stealth        | |  2.4
Spellcasting   | |  3.6

Action                   || total
-------------------------++-------
Melee: Dagger            ||    19
Throw: Throwing net      ||     1
 Cast: Flame Tongue      ||    42
  Use: Scroll            ||     2
       Potion            ||     2
Armor: Robe              ||     5
Dodge: Dodged            ||    17
